 Dungeon Sprint DCSS version 0.20-a0-1062-g7b787ac (webtiles) character file.

4013 Kidiri the Thaumaturge (level 10, 0/61 HPs)
             Began as a Deep Elf Fire Elementalist on Apr 27, 2017.
             Was a High Priest of Vehumet.
             Succumbed to a killer bee's poison
             ... in the Dungeon (Sprint III: "The Ten Rune Challenge").
             The game lasted 00:08:09 (1696 turns).

Kidiri the Thaumaturge (Deep Elf Fire Elementalist) Turns: 1696, Time: 00:08:10

Health: 0/61       AC:  5    Str:  7    XL:     10   Next: 3%
Magic:  12/30      EV: 19    Int: 26    God:    Vehumet [*****.]
Gold:   46         SH:  0    Dex: 15    Spells: 13/37 levels left

rFire    . . .     SeeInvis .   d - +0 dagger
rCold    . . .     Gourm    .   (no shield)
rNeg     + . .     Faith    .   j - +2 robe {rN+}
rPois    .         Spirit   .   (no helmet)
rElec    .         Reflect  .   l - +0 cloak
rCorr    .         Harm     .   (no gloves)
MR       +....     NoTele   +   (no boots)
Stlth    ++........             (no amulet)
Regen    0.2/turn               (no ring)
MPRegen  0.3/turn               (no ring)

@: lethally poisoned (0 -> -20), hasted, very quick
A: clever 1, strong 1
a: Renounce Religion


You were in the Dungeon.
You worshipped Vehumet.
Vehumet was extremely pleased with you.
You were not hungry.

You visited 1 branch You collected 46 gold pieces.

Inventory:

Hand Weapons
 d - a +0 dagger (weapon)
Armour
 a - a +0 robe
 j - a +2 robe of positive energy (worn)
 l - a +0 cloak (worn)
Scrolls
 n - a scroll of immolation
 p - 3 scrolls of remove curse
 s - a scroll of holy word
Potions
 g - 2 potions of magic
 h - 2 potions of berserk rage
 k - a potion of lignification
 r - 3 potions of flight
Comestibles
 c - a bread ration
 q - a meat ration


   Skills:
 + Level 6.8 Fighting
 + Level 6.8 Short Blades
 + Level 6.9 Armour
 + Level 10.2 Dodging
 - Level 2.4 Stealth
 * Level 14.4 Spellcasting
 + Level 8.9 Conjurations
 + Level 9.4 Fire Magic
 + Level 5.5 Ice Magic
 + Level 4.9 Air Magic


You had 13 spell levels left.
You knew the following spells:

 Your Spells              Type           Power        Failure   Level  Hunger
a - Flame Tongue          Conj/Fire      #####        1%          1    None
b - Throw Flame           Conj/Fire      ######       1%          2    None
c - Conjure Flame         Conj/Fire      ######..     1%          3    None
d - Inner Flame           Hex/Fire       #####...     1%          3    None
e - Sticky Flame          Conj/Fire      ######..     1%          4    None
f - Fireball              Conj/Fire      ######....   1%          5    ##.....
g - Shock                 Conj/Air       ####         1%          1    None
h - Freeze                Ice            ####         1%          1    None
i - Olgreb's Toxic Radia  Pois           ###.....     8%          4    None


Dungeon Overview and Level Annotations

Branches:
Dungeon (1/1)

Altars:
Cheibriados
Dithmenos
Elyvilon
Fedhas
Gozag
Hepliaklqana
Kikubaaqudgha
Makhleb
Nemelex Xobeh
Okawaru
Qazlal
Ru
Sif Muna
Trog
Uskayaw
Vehumet
Wu Jian
Xom
Yredelemnul
Zin
The Shining One
Beogh
Jiyva
Lugonu

Annotations:
D exclusion: door


Innate Abilities, Weirdness & Mutations

Your mind is acute. (Int +2)
Your muscles are strong. (Str +2)


Message History

The killer bee poisons you!
Casting: Conjure Flame
Confirm with . or Enter, or press ? or * to list all spells.
Aiming: Sticky Flame
Press: ? - help, Shift-Dir - straight line, f - killer bee
Aim: a killer bee The sticky flame hits the killer bee.
The killer bee is moderately wounded.
The killer bee is covered in liquid flames!
The killer bee buzzes angrily.
* * * LOW HITPOINT WARNING * * *
You feel sick.
The killer bee burns!
The killer bee stings you.
* * * LOW HITPOINT WARNING * * *
You are more poisoned.
The killer bee poisons you! The killer bee misses you.
* * * LOW HITPOINT WARNING * * *
You feel sick.
The killer bee burns!
There is an open door here.
Unknown command.
You die...

.♣ ♣.#___#___#__# .♣
♣♣.#..)#__.#%_#
♣♣♣♣..###+#+###+##
♣.♣.♣.#..........#
≈.♣.♣.'.⌠........#
≈≈≈♣..#...######'#
≈≈....#.⌠.#__#...#+##############
≈.....#...#__#...#....#)#.#yy..y#
......#+###__#..@##.#y)#.##)###.#
......#.[:#__#...'##.#.#.##.#.†##
......#___#__+...#y..#..#.y##.y†y
▓▓▓▓▓▓▓▓▓▓▓▓▓▓▓▓▓▓▓▓▓▓▓▓▓▓▓▓▓▓▓#.
#. +. #. ##


You could see a killer bee (burning).

Vanquished Creatures
  Erolcha (D)
  A deep elf mage (D)
  A queen bee (D)
  A shadow (D)
  2 redbacks (D)
  A spatial vortex (D)
  A necrophage (D)
  5 two-headed ogres (D)
  A water elemental (D)
  19 killer bees (D)
  Crazy Yiuf (D)
  A jelly (D)
  Jessica (D)
  A wizard (D)
  A necromancer (D)
  3 humans (D)
  A kobold demonologist (D)
  An ooze (D)
  2 rats (D)
45 creatures vanquished.

Vanquished Creatures (others)
  2 draconian scorchers (D)
  2 yaktaurs (D)
  6 hellions (D)
10 creatures vanquished.

Grand Total: 55 creatures vanquished

Notes
Turn   | Place    | Note
-------+----------+-------------------------------------------
     0 | D        | Kidiri the Deep Elf Fire Elementalist began the quest for the Orb.
     0 | D        | Reached XP level 1. HP: 10/10 MP: 6/6
    53 | D        | Reached skill level 4 in Spellcasting
    65 | D        | Noticed Jessica
    68 | D        | Killed Jessica
    68 | D        | Reached skill level 1 in Fighting
    68 | D        | Reached skill level 1 in Armour
    68 | D        | Reached skill level 5 in Spellcasting
    68 | D        | Reached XP level 2. HP: 16/16 MP: 3/10
    68 | D        | Reached XP level 3. HP: 20/20 MP: 3/12
    72 | D        | Learned a level 2 spell: Throw Flame
    76 | D        | Learned a level 3 spell: Conjure Flame
    80 | D        | Learned a level 3 spell: Inner Flame
   128 | D        | Killed a hellion
   129 | D        | Killed a hellion
   136 | D        | Killed a hellion
   137 | D        | Killed a hellion
   137 | D        | Killed a hellion
   149 | D        | Killed a white draconian scorcher
   151 | D        | Killed a white draconian scorcher
   186 | D        | Reached skill level 6 in Spellcasting
   190 | D        | Killed a yaktaur
   229 | D        | Killed a hellion
   255 | D        | Noticed Crazy Yiuf
   261 | D        | Killed Crazy Yiuf
   261 | D        | Reached XP level 4. HP: 26/26 MP: 6/14
   267 | D        | Learned a level 4 spell: Sticky Flame
   294 | D        | Gained mutation: You are resistant to hostile enchantments. (MR+) [potion of mutation]
   294 | D        | Gained mutation: Your muscles are strong. (Str +2) [potion of mutation]
   294 | D        | Gained mutation: You are agile. (Dex +2) [potion of mutation]
   295 | D        | Lost mutation: You are agile. (Dex +2) [potion of mutation]
   295 | D        | Lost mutation: Your muscles are strong. (Str +2) [potion of mutation]
   295 | D        | Lost mutation: You are resistant to hostile enchantments. (MR+) [potion of mutation]
   295 | D        | Gained mutation: You are partially covered in iridescent scales. (AC +2) [potion of mutation]
   295 | D        | Gained mutation: You tend to lose your temper in combat. [potion of mutation]
   295 | D        | Gained mutation: Your muscles are strong. (Str +2) [potion of mutation]
   295 | D        | Gained mutation: You are partially covered in rugged brown scales. (AC +1, +3% HP) [potion of mutation]
   296 | D        | Lost mutation: You are partially covered in iridescent scales. (AC +2) [potion of mutation]
   296 | D        | Lost mutation: Your muscles are strong. (Str +2) [potion of mutation]
   296 | D        | Lost mutation: You are partially covered in rugged brown scales. (AC +1, +3% HP) [potion of mutation]
   296 | D        | Lost mutation: You tend to lose your temper in combat. [potion of mutation]
   296 | D        | Gained mutation: You have very sharp teeth. [potion of mutation]
   296 | D        | Lost mutation: You have very sharp teeth. [potion of mutation]
   296 | D        | Gained mutation: Your muscles are strong. (Str +2) [potion of mutation]
   296 | D        | Gained mutation: Your mind is acute. (Int +2) [potion of mutation]
   308 | D        | Killed a yaktaur
   325 | D        | Noticed a water elemental
   329 | D        | Killed a water elemental
   329 | D        | Reached skill level 5 in Dodging
   329 | D        | Reached skill level 7 in Spellcasting
   329 | D        | Reached skill level 5 in Fire Magic
   375 | D        | Found a radiant altar of Vehumet.
   376 | D        | Found a deep blue altar of Sif Muna.
   376 | D        | Found an ancient bone altar of Kikubaaqudgha.
   376 | D        | Noticed a wizard
   378 | D        | Killed a wizard
   378 | D        | Reached skill level 8 in Spellcasting
   378 | D        | Reached XP level 5. HP: 32/32 MP: 10/17
   380 | D        | Noticed a soul eater
   404 | D        | Learned a level 5 spell: Fireball
   409 | D        | Became a worshipper of Vehumet
   541 | D        | Found a glowing silver altar of Zin.
   542 | D        | Found a glowing golden altar of the Shining One.
   542 | D        | Found a white marble altar of Elyvilon.
   542 | D        | Noticed a deep elf mage
   554 | D        | Killed a deep elf mage
   554 | D        | Reached skill level 10 in Spellcasting
   554 | D        | Reached XP level 6. HP: 35/39 MP: 11/21
   554 | D        | Reached XP level 7. HP: 40/44 MP: 12/23
   613 | D        | Found a hide-covered altar of Uskayaw.
   613 | D        | Found a roughly hewn altar of Beogh.
   613 | D        | Found an iron altar of Okawaru.
   613 | D        | Found a bloodstained altar of Trog.
   613 | D        | Found an ornate altar of the Wu Jian Council.
   613 | D        | Noticed a human
   617 | D        | Noticed a human
   621 | D        | Killed a human
   621 | D        | Killed a human
   621 | D        | Reached skill level 11 in Spellcasting
   621 | D        | Reached * piety under Vehumet
   621 | D        | Offered knowledge of Shock by Vehumet.
   625 | D        | Learned a level 1 spell: Shock
   704 | D        | Found a basalt altar of Yredelemnul.
   704 | D        | Found a shadowy altar of Dithmenos.
   704 | D        | Found a sacrificial altar of Ru.
   707 | D        | Reached skill level 5 in Fighting
   707 | D        | Reached skill level 5 in Armour
   707 | D        | Reached skill level 1 in Air Magic
   767 | D        | Reached ** piety under Vehumet
   767 | D        | Offered knowledge of Freeze by Vehumet.
   770 | D        | Learned a level 1 spell: Freeze
   771 | D        | Noticed a shadow
   789 | D        | Killed a shadow
   789 | D        | Reached skill level 12 in Spellcasting
   789 | D        | Reached skill level 1 in Ice Magic
   789 | D        | Reached XP level 8. HP: 27/49 MP: 4/26
   922 | D        | Found a blossoming altar of Fedhas.
   922 | D        | Found a stormy altar of Qazlal.
   922 | D        | Found a snail-covered altar of Cheibriados.
   922 | D        | Found a burning altar of Makhleb.
   922 | D        | Found a shimmering altar of Xom.
   923 | D        | Found a hazy altar of Hepliaklqana.
   923 | D        | Found an opulent altar of Gozag.
   923 | D        | Found a sparkling altar of Nemelex Xobeh.
   923 | D        | Found a corrupted altar of Lugonu.
   923 | D        | Found a viscous altar of Jiyva.
  1026 | D        | Offered knowledge of Static Discharge by Vehumet.
  1026 | D        | Reached skill level 5 in Short Blades
  1026 | D        | Reached *** piety under Vehumet
  1088 | D        | Noticed a two-headed ogre
  1143 | D        | Killed a two-headed ogre
  1157 | D        | Noticed a two-headed ogre
  1157 | D        | Noticed Erolcha
  1168 | D        | Killed Erolcha
  1168 | D        | Reached skill level 13 in Spellcasting
  1168 | D        | Reached XP level 9. HP: 33/55 MP: 15/28
  1171 | D        | Killed a two-headed ogre
  1295 | D        | Reached **** piety under Vehumet
  1295 | D        | Offered knowledge of Olgreb's Toxic Radiance by Vehumet.
  1301 | D        | Learned a level 4 spell: Olgreb's Toxic Radiance
  1317 | D        | Offered knowledge of Dazzling Spray by Vehumet.
  1317 | D        | Reached skill level 14 in Spellcasting
  1396 | D        | Noticed a queen bee
  1403 | D        | Reached ***** piety under Vehumet
  1669 | D        | Offered knowledge of Irradiate by Vehumet.
  1670 | D        | Reached skill level 5 in Ice Magic
  1671 | D        | Reached skill level 10 in Dodging
  1675 | D        | Killed a queen bee
  1675 | D        | Reached XP level 10. HP: 9/61 MP: 13/30
  1694 | D        | HP: 2/61 [killer bee (4)]
  1696 | D        | Succumbed to a killer bee's poison

Vault maps used:
D:        dungeon_sprint_mu

Skill      XL: |  1  2  3  4  5  6  7  8  9 |
---------------+----------------------------+-----
Spellcasting   | 5 6 8 10 12 13 14 | 14.4
Dodging        | 3 4 5 7 8 9 10 | 10.2
Fighting       | 1 2 4 5 6 |  6.8
Armour         | 1 2 3 4 5 6 |  6.9
Conjurations   | 2 3 4 6 7 8 |  8.9
Fire Magic     | 4 5 6 7 8 9 |  9.4
Short Blades   | 3 4 6 |  6.8
Air Magic      | 1 3 4 |  4.9
Ice Magic      | 1 4 5 |  5.5
Stealth        | |  2.4

Action                   |  1- 3 |  4- 6 |  7- 9 | 10-12 || total
-------------------------+-------+-------+-------+-------++-------
Melee: Dagger            |       |     1 |     1 |       ||     2
       Unarmed           |       |     1 |       |       ||     1
 Cast: Flame Tongue      |    16 |     6 |    62 |       ||    84
       Throw Flame       |     4 |       |     3 |       ||     7
       Sticky Flame      |       |     3 |    10 |     1 ||    14
       Conjure Flame     |       |     1 |     7 |     1 ||     9
       Inner Flame       |       |       |     6 |       ||     6
       Fireball          |       |       |     4 |       ||     4
       Olgreb's Toxic Ra |       |       |     2 |       ||     2
  Use: Potion            |       |     4 |     2 |     2 ||     8
       Scroll            |       |     3 |     1 |       ||     4
 Stab: Sleeping          |       |     1 |     1 |       ||     2
  Eat: Royal jelly       |       |       |     2 |       ||     2
Armor: Robe              |       |       |     2 |     2 ||     4
Dodge: Dodged            |     1 |     8 |    26 |     9 ||    44
